 Dungeon Crawl Stone Soup version 0.29.0-4-gdea44cf6ec (webtiles) character file.

Game seed: 14573371284534374058

224 qw the Chopper (level 6, -14/35 HPs)
             Began as a Tengu Warper on Aug 28, 2022.
             Demolished by an ogre
             ... wielding a +0 giant club
              (24 damage)
             ... on level 4 of the Dungeon.
             The game lasted 00:00:22 (3847 turns).

qw the Chopper (Tengu Warper)                       Turns: 3847, Time: 00:00:22

Health: -14/35     AC: 11    Str: 19    XL:     6   Next: 0%
Magic:  10/10      EV:  7    Int: 13    God:
Gold:   185        SH:  0    Dex: 14    Spells: 9/9 levels left

rFire   . . .      SeeInvis .   Y - +0 hand axe
rCold   + . .      Faith    .   (no shield)
rNeg    . . .      Spirit   .   c - +0 plate armour
rPois   .          Reflect  .   (helmet restricted)
rElec   .          Harm     .   (no cloak)
rCorr   .          Rampage  .   i - +0 pair of gloves
Will    .....                   (boots unavailable)
Stlth   ..........              (no amulet)
HPRegen 0.11/turn               a - +6 ring of strength
MPRegen 0.12/turn               g - ring of protection from cold

@: flying quickly and evasively, quick
A: beak, talons 3, nimble flight
a: no special abilities


You were on level 4 of the Dungeon.
You visited 1 branch of the dungeon, and saw 4 of its levels.

You collected 245 gold pieces.
You spent 60 gold pieces at shops.


Innate Abilities, Weirdness & Mutations

You have a beak for a mouth.
You have claws for feet.
Your magical nature lets you fly swiftly and evasively.


   Skills:
 - Level 2.0 Fighting
 + Level 6.3 Axes
 - Level 1.0 Throwing
 - Level 2.0 Armour
 - Level 2.1 Dodging
 - Level 2.0 Spellcasting
 - Level 2.4 Translocations


You had 9 spell levels left.
You didn't know any spells.
Your spell library contained the following spells:

 Spells                   Type           Power      Damage    Failure   Level
 Blink                    Tloc           14%        N/A       99%         2
 Gell's Gravitas          Tloc           7%         N/A       100%        3
 Lesser Beckoning         Tloc           7%         N/A       100%        3
 Teleport Other           Tloc           7%         N/A       100%        3
 Manifold Assault         Tloc           7%         N/A       100%        5

Inventory:

Hand Weapons
 h - a +0 flail
 Y - a +0 hand axe (weapon)
Missiles
 l - 2 boomerangs (quivered)
Armour
 c - a +0 plate armour (worn)
 i - a +0 pair of gloves (worn)
Jewellery
 a - a +6 ring of strength (left hand)
 g - a ring of protection from cold (right hand)
 k - a +6 ring of dexterity
Scrolls
 f - a scroll of identify
Potions
 b - 2 potions of haste
 d - a potion of invisibility {unknown}
 e - 6 potions of curing

Dungeon Overview and Level Annotations

Branches:
Dungeon (4/15)
 Temple: D:4-7

Altars:
Fedhas
Trog
Yredelemnul
The Shining One

Shops:
D:2 !


Message History

Found a basalt altar of Yredelemnul.
e - 6 potions of curing (gained 1)
Found a bloodstained altar of Trog.
There is an open door here.
An ogre comes into view. It is wielding a +0 giant club.
Found a book of Cantrips and 6 stones.
The kobold shouts!
The ogre shouts!
You hear a shout! x2
Something unseen opens the door.
The ogre moves out of view.
Enter note:
There are monsters nearby!
There are monsters nearby!
3835 ||| Stepping randomly (stuck). 2 orc wizards come into view.
The orc wizard shouts!
You hear an angry hiss.
There are monsters nearby!
There are monsters nearby!
3837 ||| Stepping randomly (stuck).
3838 ||| Stepping ~*~*~tactically~*~*~ (hiding).
3839 ||| Stepping ~*~*~tactically~*~*~ (hiding).
3840 ||| Stepping ~*~*~tactically~*~*~ (hiding).
Throw: 3 boomerangs
Press: ? - help, Q - select action Shift-Dir - straight line, f - ogre You throw a boomerang.
The boomerang hits the ogre.
The ogre is lightly wounded.
3842 ||| Stepping ~*~*~tactically~*~*~ (hiding).
Throw: 2 boomerangs
Press: ? - help, Q - select action Shift-Dir - straight line, f/p - ogre You throw a boomerang.
The boomerang hits the ogre.
The ogre is moderately wounded.
You barely miss the ogre. You claw the ogre.
The ogre is moderately wounded.
The ogre hits you with a +0 giant club!!
Ouch! That really hurt!
You barely miss the ogre. You claw the ogre. You peck the ogre.
The ogre is heavily wounded.
You barely miss the ogre. You claw the ogre.
The ogre is heavily wounded.
The ogre hits you with a +0 giant club!!
Ouch! That really hurt!
You die...

#### #### ..#
####... #.##
###...... #..#
####........
#@.####...........
##OK......###.....
#.....#### #....#
#...### ######
#o### .:oo#...#
#.###.... #
K...#... ###
##..####.. ###..


You could see an ogre, an orc wizard and a kobold.

Vanquished Creatures
  Natasha (thrice) (D:3)
  An orc wizard (D:3)
  3 adders
  A spectral adder (D:3)
  3 adder skeletons (D:3)
  A worm (D:2)
  A dart slug (D:4)
  9 orcs
  5 bats
  6 endoplasms
  3 giant cockroaches
  4 goblins (D:2)
  4 hobgoblins
  9 quokkas
  4 ball pythons
  3 frilled lizards (D:1)
  6 kobolds
  A quokka zombie (D:3)
  4 rats
71 creatures vanquished.

Vanquished Creatures (others)
  22 withered plants (D:3)
22 creatures vanquished.

Grand Total: 93 creatures vanquished

Notes
Turn   | Place    | Note
-------+----------+-------------------------------------------
     0 | D:1      | qw the Tengu Warper began the quest for the Orb.
     0 | D:1      | Reached XP level 1. HP: 12/12 MP: 4/4
     0 | D:1      | 0 ||| qw: Version: 0.1-a-89-g26bdef1
     0 | D:1      | 0 ||| qw: Game counter: 875
     0 | D:1      | 0 ||| qw: Always use a shield: true
     0 | D:1      | 0 ||| qw: God list: Okawaru
     0 | D:1      | 0 ||| qw: Allow faded altars: false
     0 | D:1      | 0 ||| qw: Do Orc after D:15 true
     0 | D:1      | 0 ||| qw: Do second Lair branch before Depths: true
     0 | D:1      | 0 ||| qw: Lair rune preference: random
     0 | D:1      | 0 ||| qw: Plans: Normal
     0 | D:1      | 0 ||| PLANNING D:1-11
   149 | D:1      | Reached XP level 2. HP: 15/17 MP: 6/6
   197 | D:1      | You fall into a shaft and drop 1 floor!
   228 | D:2      | Reached skill level 3 in Axes
   281 | D:2      | 281 ||| Stepping ~*~*~tactically~*~*~ (stealth).
   282 | D:2      | 282 ||| Stepping ~*~*~tactically~*~*~ (stealth).
   395 | D:2      | Reached XP level 3. HP: 18/21 MP: 7/7
   413 | D:2      | 413 ||| Stepping ~*~*~tactically~*~*~ (stealth).
   415 | D:2      | 415 ||| Stepping ~*~*~tactically~*~*~ (stealth).
   428 | D:2      | 428 ||| Stepping ~*~*~tactically~*~*~ (stealth).
   733 | D:2      | 733 ||| UPGRADING to ring of protection from cold.
   734 | D:2      | 734 ||| READING scroll labelled JYGYMIN UNAYSCH.
   735 | D:2      | 735 ||| READING 2 scrolls labelled AKHUIMECAZI.
   736 | D:2      | 736 ||| READING scroll labelled MUNURARAON.
   737 | D:2      | 737 ||| READING scroll labelled JAOWIYXUIPS.
   738 | D:2      | 738 ||| DROPPING scroll of blinking.
   780 | D:1      | 780 ||| DROPPING +0 club.
   794 | D:1      | Reached skill level 4 in Axes
  1296 | D:1      | 1296 ||| UPGRADING to +0 plate armour.
  1306 | D:1      | 1306 ||| DROPPING +0 leather armour.
  1307 | D:1      | 1307 ||| UPGRADING to +6 ring of dexterity.
  1308 | D:1      | 1308 ||| READING scroll labelled ZIEFAUCENIA.
  1360 | D:2      | 1360 ||| STAIRDANCE
  1515 | D:2      | Found a faded altar of an unknown god.
  1516 | D:2      | Found Gius's Distillery.
  1548 | D:2      | 1548 ||| BUYING 2 potions of curing (60 gold).
  1548 | D:2      | Bought 2 potions of curing for 60 gold pieces
  1548 | D:2      | 1548 ||| SHOPLISTING 2 potions of mutation (160 gold, have
                  | 27).
  1548 | D:2      | 1548 ||| SHOPLISTING potion of cancellation (80 gold, have
                  | 27).
  1548 | D:2      | 1548 ||| SHOPLISTING potion of might (40 gold, have 27).
  1723 | D:2      | 1723 ||| Stepping ~*~*~tactically~*~*~ (stealth).
  1724 | D:2      | 1724 ||| Stepping ~*~*~tactically~*~*~ (stealth).
  1725 | D:2      | 1725 ||| Stepping ~*~*~tactically~*~*~ (stealth).
  2096 | D:2      | 2096 ||| READING scroll labelled SEKKOTHRIAG.
  2097 | D:2      | 2097 ||| READING scroll labelled HYAZIXZOSO.
  2098 | D:2      | 2098 ||| READING 3 scrolls of identify.
  2098 | D:2      | 2098 ||| IDENTIFYING orange potion
  2099 | D:2      | 2099 ||| READING 2 scrolls of identify.
  2099 | D:2      | 2099 ||| IDENTIFYING silvery potion
  2220 | D:3      | 2220 ||| DROPPING +0 whip.
  2243 | D:3      | Found a glowing golden altar of the Shining One.
  2372 | D:3      | Reached XP level 4. HP: 26/26 MP: 8/8
  2408 | D:3      | 2408 ||| UPGRADING to +6 ring of strength.
  2410 | D:3      | 2410 ||| UPGRADING to ring of protection from cold.
  2412 | D:3      | 2412 ||| READING scroll labelled MUXZO LAIGHO.
  2413 | D:3      | 2413 ||| READING 2 scrolls of identify.
  2413 | D:3      | 2413 ||| IDENTIFYING smoky brown potion
  2414 | D:3      | 2414 ||| DROPPING potion of magic.
  2415 | D:3      | 2415 ||| Stepping randomly (stuck).
  2416 | D:3      | 2416 ||| Stepping ~*~*~tactically~*~*~ (cloud).
  2422 | D:3      | HP: 6/26 [poisoned by you (poison gas)]
  2887 | D:3      | 2887 ||| Stepping ~*~*~tactically~*~*~ (stealth).
  2888 | D:3      | 2888 ||| Stepping ~*~*~tactically~*~*~ (stealth).
  2949 | D:3      | Noticed Natasha
  2957 | D:3      | Killed Natasha
  2958 | D:3      | Reached skill level 5 in Axes
  2958 | D:3      | Gained mutation: Your magical nature lets you fly swiftly
                  | and evasively. [Tengu growth]
  2958 | D:3      | Reached XP level 5. HP: 18/30 MP: 9/9
  2968 | D:3      | 2968 ||| FLEEEEING.
  2973 | D:3      | 2973 ||| FLEEEEING.
  2987 | D:3      | 2987 ||| Stepping ~*~*~tactically~*~*~ (stealth).
  3083 | D:3      | Noticed Natasha
  3094 | D:3      | Killed Natasha
  3099 | D:3      | Noticed Natasha
  3108 | D:3      | HP: 7/30 [Natasha (4)]
  3109 | D:3      | 3109 ||| DRINKING potion of heal wounds.
  3113 | D:3      | Killed Natasha
  3232 | D:3      | Found the +4 dagger "Morg" {pain, Will+ Int+5}
  3284 | D:3      | 3284 ||| Stepping ~*~*~tactically~*~*~ (stealth).
  3294 | D:3      | 3294 ||| Stepping ~*~*~tactically~*~*~ (stealth).
  3302 | D:3      | Reached skill level 6 in Axes
  3617 | D:3      | 3617 ||| UPGRADING to +0 pair of gloves.
  3659 | D:3      | 3659 ||| READING 2 scrolls of identify.
  3659 | D:3      | 3659 ||| IDENTIFYING yellow potion
  3660 | D:3      | 3660 ||| DROPPING potion of degeneration.
  3700 | D:4      | 3700 ||| Stepping ~*~*~tactically~*~*~ (stealth).
  3769 | D:4      | Reached XP level 6. HP: 35/35 MP: 10/10
  3785 | D:4      | Found a blossoming altar of Fedhas.
  3791 | D:4      | Found a basalt altar of Yredelemnul.
  3797 | D:4      | Found a bloodstained altar of Trog.
  3835 | D:4      | 3835 ||| Stepping randomly (stuck).
  3837 | D:4      | 3837 ||| Stepping randomly (stuck).
  3838 | D:4      | 3838 ||| Stepping ~*~*~tactically~*~*~ (hiding).
  3839 | D:4      | 3839 ||| Stepping ~*~*~tactically~*~*~ (hiding).
  3840 | D:4      | 3840 ||| Stepping ~*~*~tactically~*~*~ (hiding).
  3842 | D:4      | 3842 ||| Stepping ~*~*~tactically~*~*~ (hiding).
  3847 | D:4      | Demolished by an ogre

Levels and vault maps discovered:
D:1:      onia_arrival_mini_maze_b, layout_rooms, grunt_decor_mini_mirrors,
          minmay_crystal_water, chequers_mini_garden
D:2:      wander_river, layout_loops_ring, serial_shops, shop,
          basic_ecumenical_altar
D:3:      layout_rooms, tso_metal_star, minivault_5, dilly_guarded_unrand_morg
D:4:      layout_cave_pods, minmay_overflow_temple_star_quad,
          minmay_a_box_with_orc_wizards_in_it

Skill      XL: |  1  2  3  4  5 |
---------------+----------------+-----
Axes           | 3 4 5 6 |  6.3
Armour         | 2 |  2.0
Fighting       | |  2.0
Throwing       | |  1.0
Dodging        | |  2.1
Spellcasting   | |  2.0
Translocations | |  2.4

Action                   |  1- 3 |  4- 6 || total
-------------------------+-------+-------++-------
Melee: Hand axe          |    84 |    80 ||   164
       Kick              |    21 |    20 ||    41
       Peck              |     9 |    15 ||    24
       Punch             |       |     2 ||     2
Throw: Boomerang         |     9 |    22 ||    31
  Use: Scroll            |     9 |     3 ||    12
       Potion            |       |     1 ||     1
Armor: Leather armour    |    12 |       ||    12
       Plate armour      |    23 |    52 ||    75
Dodge: Dodged            |    38 |    31 ||    69

Table legend:
 A = Non-vault XP
 B = Vault XP
 C = Vault XP percentage of total XP
 D = Non-vault monster count
 E = Vault monster count
 F = Vault count percentage of total count
                 A         B        C        D         E       F
            +---------+---------+-------+---------+---------+-------
      Total |     262 |      58 |  18.1 |      65 |       6 |   8.5
            +---------+---------+-------+---------+---------+-------
        D:1 |      24 |       0 |   0.0 |      15 |       0 |   0.0
        D:2 |      51 |       0 |   0.0 |      21 |       0 |   0.0
        D:3 |     167 |      58 |  25.8 |      22 |       6 |  21.4
        D:4 |      20 |       0 |   0.0 |       7 |       0 |   0.0
            +---------+---------+-------+---------+---------+-------
